 Dungeon Crawl Stone Soup version 0.23.2-1-ga50397a (webtiles) character file.

Game seed: 2115225903115101386

16867 xveg the Cleaver (level 12, -4/106 HPs)
             Began as a Green Draconian Berserker on May 17, 2019.
             Was a High Priest of Trog.
             Slain by a slime creature (10 damage)
             ... on level 12 of the Dungeon.
             The game lasted 00:48:14 (10277 turns).

xveg the Cleaver (Green Draconian Berserker)       Turns: 10277, Time: 00:48:14

Health: -4/106     AC: 10    Str: 22 (23) XL:     12   Next: 13%
Magic:  12/12      EV: 16    Int:  5 (7)  God:    Trog [*****.]
Gold:   547        SH:  0    Dex: 12 (13) Spells: 11/11 levels left

rFire    . . .     SeeInvis .   k - +6 hand axe (elec)
rCold    . . .     Gourm    .   (no shield)
rNeg     . . .     Faith    .   (armour unavailable)
rPois    +         Spirit   .   (helmet restricted)
rElec    .         Reflect  .   F - +0 cloak
rCorr    .         Harm     .   H - +0 pair of gloves
MR       .....                  (no boots)
Stlth    +++++.....             h - amulet of magic regeneration
HPRegen  0.27/turn              I - ring of stealth
MPRegen  0.38/turn              (no ring)

@: about to teleport, flying, very slightly contaminated, invisible
A: breathe noxious fumes, unfitting armour, big wings, talons 1, poison
resistance, cold-blooded, AC +8
a: Breathe Noxious Fumes, Stop Flying, Berserk, Trog's Hand, Brothers in Arms,
Renounce Religion


You were on level 12 of the Dungeon.
You worshipped Trog.
Trog was extremely pleased with you.
You were not hungry.

You visited 1 branch of the dungeon, and saw 12 of its levels.
You also visited: Ossuary.

You collected 547 gold pieces.

Inventory:

Hand Weapons
 a - a +0 hand axe
 k - a +6 hand axe of electrocution (weapon)
 t - a +2 antimagic battleaxe
 B - a +0 hunting sling of flaming
Missiles
 e - 3 exploding tomahawks
 i - 2 silver tomahawks
 j - 13 tomahawks (quivered)
 v - 4 curare-tipped needles
 C - 15 sling bullets
Armour
 l - a +0 helmet
 u - a +0 pair of boots
 F - a +0 cloak (worn)
 H - a +0 pair of gloves (worn)
Magical Staves
 g - an uncursed staff of power {unknown}
 x - an uncursed staff of poison {unknown}
Jewellery
 h - an amulet of magic regeneration (around neck)
 I - a ring of stealth (left hand)
Wands
 m - a wand of random effects (20)
 r - a wand of digging (6)
 A - a wand of iceblast (10)
Scrolls
 n - 3 scrolls of identify
 p - 2 scrolls of teleportation
 q - 2 scrolls of holy word
 s - 2 scrolls of noise
 y - 2 scrolls of remove curse
 D - 2 scrolls of fog
Potions
 c - 3 potions of curing
 d - a potion of berserk rage
 f - 2 potions of lignification
 o - a potion of cancellation
 w - a potion of invisibility
 z - a potion of flight {unknown}
Comestibles
 b - 16 rations


   Skills:
 + Level 9.9 Fighting
 + Level 13.1 Axes
 * Level 4.8 Throwing
 + Level 7.8 Dodging
 + Level 8.1 Stealth


You had 11 spell levels left.
You didn't know any spells.
Your spell library contained the following spells:

 Spells                   Type           Power        Failure   Level  Hunger
 Dispel Undead            Necr           #.......     100%        5    ######.
 Deflect Missiles         Chrm/Air       #.........   100%        6    #######
 Tornado                  Air            #.........   100%        9    #######


Dungeon Overview and Level Annotations

Branches:
Dungeon (13/15) Temple (0/1) D:4 Orc (0/2) D:10 Vaults (0/5) D:12 D:13 Lair: D:8-11

Altars:
Ashenzari
Cheibriados
Dithmenos
Gozag
Kikubaaqudgha
Makhleb
Sif Muna
Wu Jian
Xom
Zin
The Shining One

Annotations:
D:13 Rupert


Innate Abilities, Weirdness & Mutations

You can breathe blasts of noxious fumes.
Your lurid green scales are hard. (AC +8)
You cannot fit into any form of body armour.
Your system is resistant to poisons. (rPois)
You are cold-blooded and may be slowed by cold attacks.
Your large and strong wings let you fly indefinitely.
You have sharp toenails.


Message History

You feel strangely unstable. The centaur warrior hits you!
The centaur warrior hits you.
You are confused.
You feel invigorated.
The centaur warrior hits you but does no damage.
The orc knight hits you with a +1 war axe of chopping!
* * * LOW HITPOINT WARNING * * *
x2 The human barely misses you.
The human misses you.
The slime creature completely misses you.
You feel better.
You feel less invigorated. The centaur warrior hits you!
* * * LOW HITPOINT WARNING * * *
The human hits you.
* * * LOW HITPOINT WARNING * * *
The human completely misses you.
The orc knight hits you with a +1 war axe of chopping!
* * * LOW HITPOINT WARNING * * *
x2 The centaur warrior hits you!
* * * LOW HITPOINT WARNING * * *
The slime creature hits you!
You die...

#...#.....####
#.......###### ######'####
########'### # ###.#
#........# # #...#
##)######## #
###'#######)).......# # ##
#.......#.[.........# #
.### #.......#.#.........#
#
.+.###.......#.#cp.......#
.#...'.......'.#@pJ......#
.#####.......###oJp......#
.# #.......# #J........#
## #.......# ########.##
##'###### #.# #.#### #.#
#....# #.# ########'## #.#
#.........# ####.## ###


You could see an orc knight, 3 slime creatures, a centaur warrior and 3 humans.

Vanquished Creatures
  2 hydras
  2 two-headed ogres (D:10)
  Pikel (D:4)
  3 ugly things (D:12)
  Joseph (D:7)
  4 cyclopes
  2 centaur skeletons (D:10)
  A gargoyle (D:12)
  A komodo dragon (D:11)
  2 meliai (D:12)
  2 trolls (D:10)
  Grinder (D:6)
  2 hippogriffs
  Eustachio (D:4)
  16 yaks
  Duvessa (D:4)
  A black bear (D:10)
  A phantom (D:11)
  A sky beast (D:11)
  A slave (D:4)
  5 ice beasts
  4 ogres
  14 centaurs
  A crocodile (D:11)
  Blork the orc (D:6)
  A big kobold (D:10)
  4 bullfrogs
  Dowan (D:4)
  2 scorpions
  29 killer bees
  6 howler monkeys
  5 crimson imps
  6 hounds
  4 jellies
  A bullfrog zombie (D:12)
  3 centaur zombies
  8 orc priests
  2 bullfrog skeletons
  6 orc wizards
  2 iguanas
  Natasha (D:2)
  8 worker ants
  Terence (D:2)
  2 big kobold zombies (Ossuary)
  6 mummies (Ossuary)
  A hound skeleton (D:10)
  Robin (D:3)
  A howler monkey zombie (D:6)
  7 gnolls
  11 adders
  2 shadow imps
  2 oozes
  2 adder skeletons
  6 worms
  2 dart slugs
  5 leopard geckos
  37 orcs
  5 ball pythons
  8 bats
  7 giant cockroaches
  17 goblins
  13 hobgoblins
  5 jackals
  19 kobolds
  5 quokkas
  7 frilled lizards
  4 hobgoblin zombies (Ossuary)
  A jackal skeleton (D:6)
  A quokka zombie (D:5)
  4 rats
342 creatures vanquished.

Vanquished Creatures (collateral kills)
  A queen bee (D:12)
  A meliai (D:12)
  11 killer bees (D:12)
13 creatures vanquished.

Vanquished Creatures (others)
  A ball python (D:4)
  4 toadstools (D:1)
5 creatures vanquished.

Grand Total: 360 creatures vanquished

Notes
Turn   | Place    | Note
-------+----------+-------------------------------------------
     0 | D:1      | xveg the Draconian Berserker began the quest for the Orb.
     0 | D:1      | Reached XP level 1. HP: 19/19 MP: 1/1
    77 | D:1      | Reached XP level 2. HP: 13/26 MP: 2/2
   757 | D:1      | Reached ** piety under Trog
   757 | D:1      | Reached XP level 3. HP: 30/33 MP: 3/3
  1190 | D:2      | Found a burning altar of Makhleb.
  1206 | D:2      | Found a shattered altar of Ashenzari.
  1206 | D:2      | Noticed Natasha
  1501 | D:2      | Reached XP level 4. HP: 40/40 MP: 4/4
  1659 | D:2      | Reached skill level 4 in Axes
  1735 | D:2      | Noticed Terence
  1746 | D:2      | Killed Terence
  1810 | D:2      | Found a shadowy altar of Dithmenos.
  1887 | D:3      | Reached *** piety under Trog
  1902 | D:3      | Reached XP level 5. HP: 35/46 MP: 5/5
  1903 | D:3      | Noticed Robin
  1915 | D:3      | Killed Robin
  1974 | D:3      | Reached skill level 5 in Axes
  2068 | D:2      | HP: 2/47 [orc/cursed +0 hand axe (9)]
  2080 | D:2      | Killed Natasha
  2080 | D:2      | Reached XP level 6. HP: 20/53 MP: 6/6
  2277 | D:3      | Found a burning altar of Makhleb.
  2734 | D:4      | Reached skill level 6 in Axes
  2737 | D:4      | Reached skill level 1 in Stealth
  2782 | D:4      | Your scales start taking on a lurid green colour.
  2782 | D:4      | Reached XP level 7. HP: 60/60 MP: 7/7
  2782 | D:4      | Gained mutation: Your system is resistant to poisons.
                  | (rPois) [Green Draconian growth]
  2800 | D:4      | Noticed Duvessa
  2811 | D:4      | Noticed Dowan
  2814 | D:4      | Killed Duvessa
  2814 | D:4      | Reached skill level 5 in Fighting
  2824 | D:4      | Killed Dowan
  2850 | D:4      | Reached skill level 7 in Axes
  2877 | D:4      | Reached **** piety under Trog
  3001 | D:4      | Found a staircase to the Ecumenical Temple.
  3185 | D:4      | Noticed Eustachio
  3200 | D:4      | Killed Eustachio
  3200 | D:4      | Reached XP level 8. HP: 51/69 MP: 8/8
  3208 | D:4      | Noticed Pikel
  3218 | D:4      | Killed Pikel
  3218 | D:4      | Reached skill level 8 in Axes
  3244 | D:5      | Entered Level 5 of the Dungeon
  3320 | D:5      | Reached skill level 9 in Axes
  3387 | D:5      | Reached skill level 5 in Dodging
  3445 | D:5      | Found a snail-covered altar of Cheibriados.
  3533 | D:5      | Found a sand-covered staircase.
  3542 | Ossuary  | Entered an ossuary
  3880 | D:5      | Gained mutation: Your large and strong wings let you fly
                  | indefinitely. [potion of mutation]
  3880 | D:5      | Gained mutation: You have sharp toenails. [potion of
                  | mutation]
  4185 | D:5      | Received a gift from Trog
  4230 | D:5      | Reached XP level 9. HP: 60/75 MP: 9/9
  4327 | D:6      | Found a shimmering altar of Xom.
  4330 | D:6      | Noticed an angel
  4336 | D:6      | Found a glowing silver altar of Zin.
  4411 | D:6      | Noticed Blork the orc
  4416 | D:6      | Killed Blork the orc
  4580 | D:6      | Found a deep blue altar of Sif Muna.
  4580 | D:6      | Found an ancient bone altar of Kikubaaqudgha.
  4710 | D:6      | Found a glowing golden altar of the Shining One.
  4715 | D:6      | Noticed Grinder
  4719 | D:6      | Paralysed by Grinder for 7 turns
  4730 | D:6      | Killed Grinder
  4730 | D:6      | Reached skill level 10 in Axes
  4960 | D:6      | Found an opulent altar of Gozag.
  5113 | D:7      | Noticed Joseph
  5127 | D:7      | Killed Joseph
  5209 | D:7      | You are sucked into a shaft for 2 floors!
  5286 | D:9      | Identified Sif Muna's Volume of Focus
  5669 | D:9      | Found an ornate altar of the Wu Jian Council.
  6193 | D:10     | Entered Level 10 of the Dungeon
  6196 | D:10     | Reached skill level 11 in Axes
  6196 | D:10     | Reached skill level 5 in Stealth
  6196 | D:10     | Reached XP level 10. HP: 86/86 MP: 10/10
  6534 | D:10     | Noticed a cyclops
  6713 | D:10     | Killed a cyclops
  6736 | D:10     | Found a staircase to the Orcish Mines.
  6737 | D:10     | Noticed a two-headed ogre
  6750 | D:10     | Killed a two-headed ogre
  6750 | D:10     | Reached skill level 1 in Throwing
  7198 | D:10     | Reached ***** piety under Trog
  7205 | D:10     | Noticed a two-headed ogre
  7212 | D:10     | Killed a two-headed ogre
  7212 | D:10     | Reached skill level 12 in Axes
  7212 | D:10     | Reached XP level 11. HP: 74/95 MP: 11/11
  7462 | D:11     | Noticed a five-headed hydra
  7474 | D:11     | Killed a ten-headed hydra
  7562 | D:12     | Noticed a four-headed hydra
  7928 | D:11     | Received a gift from Trog
  8198 | D:11     | Received a gift from Trog
  8841 | D:12     | Noticed a purple ugly thing
  8861 | D:12     | Killed a purple ugly thing
  9016 | D:12     | Reached skill level 13 in Axes
  9196 | D:12     | Noticed a red ugly thing
  9205 | D:12     | Killed a red ugly thing
  9445 | D:12     | Reached XP level 12. HP: 77/106 MP: 12/12
  9676 | D:12     | Killed a nine-headed hydra
 10269 | D:13     | Found a gate to the Vaults.
 10269 | D:13     | Noticed a centaur warrior
 10269 | D:13     | Noticed Rupert
 10269 | D:13     | Noticed a two-headed ogre
 10277 | D:12     | Slain by a slime creature

Skill      XL: |  1  2  3  4  5  6  7  8  9 10 11 12 |
---------------+-------------------------------------+-----
Dodging        | 3 4 5 6 7 |  7.8
Fighting       | 4 5 6 7 8 9 |  9.9
Axes           | 4 5 6 7 9 11 12 13 | 13.1
Stealth        | 1 3 5 6 7 8 |  8.1
Throwing       | 2 4 |  4.8

Action                   |  1- 3 |  4- 6 |  7- 9 | 10-12 || total
-------------------------+-------+-------+-------+-------++-------
Melee: Hand axe          |   133 |   157 |   225 |   283 ||   798
       Tailslap          |    14 |    24 |    31 |    42 ||   111
       Kick              |       |       |    33 |    71 ||   104
Throw: Tomahawk          |       |       |       |    38 ||    38
Invok: Berserk           |       |     2 |     2 |     6 ||    10
       Trog's Hand       |       |     2 |       |     6 ||     8
       Brothers in Arms  |       |       |       |     1 ||     1
 Abil: Breathe Noxious F |       |       |     5 |    20 ||    25
       Fly               |       |       |     1 |       ||     1
  Use: Scroll            |       |     4 |     6 |     9 ||    19
       Potion            |       |     3 |     5 |     9 ||    17
 Stab: Distracted        |       |       |     1 |       ||     1
       Sleeping          |       |       |     7 |     8 ||    15
       Confused          |       |       |     1 |    13 ||    14
  Eat: Chunk             |     2 |     7 |     3 |     8 ||    20
       Ration            |       |       |     4 |     5 ||     9
Armor: Skin              |    45 |    47 |    34 |    64 ||   190
Dodge: Dodged            |    93 |   103 |   108 |   197 ||   501
